Map: Glittering Ashes LE

Players

TartarusMkII

  • Race: Terran Terran
  • League: Master
  • Spawn Location: 7:00

Konstantin - Winner!

  • Race: Protoss Protoss
  • Spawn Location: 1:00

VOD

Have the link to the VOD?

Description

Time

  • Played on: May 18, 2022, 6:36 p.m.
  • Length: 15:51
Show
View Real Time Build Order
Export as new Build Order

TartarusMkII Terran 

Build Orders: Mech 

Get SALT Encoding   

  12  0:01  SCV  
  13  0:13  SCV  
  14  0:17  Supply Depot  
  14  0:27  SCV  
  15  0:39  SCV  
  15  0:41  Barracks  
  16  0:45  Refinery  
  16  0:51  SCV  
  17  1:03  SCV  
  18  1:15  SCV  
  19  1:28  Orbital Command, Marine  
  20  1:45  Command Center  
  20  1:56  Factory  
  20  1:59  Marine  
  21  2:03  SCV  
  22  2:10  Refinery  
  22  2:15  SCV  
  22  2:20  Barracks Tech Lab  
  23  2:41  Supply Depot  
  23  2:43  Starport  
  23  2:57  SCV  
  24  2:58  Orbital Command  
  24  3:00  Marine  
  25  3:06  Cyclone  
  25  3:07  Bunker  
  25  3:11  SCV  
  29  3:18  Marine  
  30  3:22  Starport Tech Lab  
  30  3:23  SCV  
  30  3:25  SCV  
  32  3:35  SCV  
  32  3:38  Siege Tank  
  36  3:43  Supply Depot  
  36  3:46  SCV  
  36  3:47  SCV  
  38  3:53  Marine  
  38  4:04  SCV x2  
  38  4:07  Banshee  
  43  4:10  Cloaking Field  
  43  4:13  Supply Depot  
  43  4:16  SCV x2  
  45  4:28  SCV  
  46  4:32  Refinery, SCV  
  46  4:35  Supply Depot  
  47  4:40  SCV  
  47  4:44  SCV  
  49  4:46  Siege Tank  
  49  4:50  Banshee  
  55  4:52  SCV  
  55  4:57  SCV  
  57  5:02  Command Center  
  57  5:05  SCV  
  58  5:09  SCV  
  58  5:13  Refinery  
  59  5:17  SCV  
  59  5:21  SCV  
  60  5:29  SCV  
  60  5:30  Supply Depot  
  60  5:33  SCV  
  60  5:34  Supply Depot  
  62  5:36  Siege Tank  
  62  5:40  Factory  
  62  6:10  Marine  
  62  6:11  Viking  
  60  6:18  SCV x2  
  62  6:22  Supply Depot  
  62  6:24  Factory  
  62  6:30  SCV  
  63  6:33  Siege Tank, Factory Tech Lab  
  60  7:09  Factory Tech Lab  
  60  7:10  Factory Reactor  
  60  7:13  Orbital Command  
  60  7:18  Engineering Bay  
  60  7:25  Supply Depot  
  60  7:37  Supply Depot  
  60  7:39  Siege Tank  
  60  7:40  Siege Tank  
  66  7:45  Hi-Sec Auto Tracking  
  66  7:46  Armory  
  66  7:56  SCV  
  66  7:57  Missile Turret, SCV  
  65  8:08  Viking  
  65  8:09  SCV x2  
  63  8:19  Missile Turret  
  59  8:27  Missile Turret  
  59  8:29  SCV x2  
  61  8:35  Thor x2  
  61  8:40  Missile Turret  
  73  8:42  Orbital Command  
  73  8:44  Missile Turret  
  73  8:51  SCV x2  
  73  8:52  Missile Turret, Starport Reactor  
  75  9:03  SCV x2  
  75  9:08  Hellbat x2  
  81  9:14  Factory x2  
  81  9:15  Missile Turret  
  81  9:16  Factory  
  79  9:41  SCV x3  
  82  9:53  SCV x3  
  82  9:57  Refinery  
  82  9:59  Thor x2  
  97  10:00  Missile Turret  
  97  10:01  Hellbat x2  
  97  10:03  Factory Tech Lab  
  97  10:04  Refinery, Missile Turret, Factory Reactor  
  97  10:05  Missile Turret, SCV x2  
  103  10:22  Hellbat x2  
  107  10:31  SCV x2  
  107  10:32  SCV  
  110  10:37  Command Center  
  110  10:41  Thor  
  110  10:42  Thor  
  122  10:43  Command Center  
  122  10:46  Hellbat  
  124  10:53  Supply Depot  
  124  10:54  Supply Depot  
  124  10:55  Thor  
  124  10:56  Hellbat x3  
  136  11:07  Hellbat  
  138  11:14  Thor  
  138  11:16  Supply Depot  
  138  11:17  Hellbat x3, Supply Depot  
  150  11:25  Siege Tank, Hellbat, Supply Depot  
  155  11:26  Supply Depot  
  155  11:27  Supply Depot  
  155  11:28  Hellbat, Supply Depot  
  157  11:38  Hellbat, Supply Depot  
  157  11:39  Hellbat x3  
  165  11:40  Supply Depot  
  165  11:46  Hellbat  
  167  11:50  Hellbat  
  169  11:56  Medivac  
  169  11:57  Hellbat  
  169  11:58  Hellbat  
  169  12:00  Hellbat x4  
  183  12:08  Hellbat  
  185  12:11  Widow Mine  
  187  12:18  Widow Mine  
  187  12:19  Hellbat  
  187  12:21  Widow Mine x2  
  195  12:26  Planetary Fortress, Missile Turret  
  195  12:28  Refinery  
  195  12:29  Siege Tank, Refinery, Missile Turret  
  198  12:30  Missile Turret  
  198  12:42  Thor x2  
  198  12:49  Missile Turret  
  196  13:01  Siege Tank  
  194  13:28  Planetary Fortress  
  194  13:35  Thor  
  194  13:40  Infernal Pre-Igniter  
  200  13:41  Smart Servos  
  200  13:47  Terran Vehicle Weapons Level 1  
  200  13:48  Neosteel Armor  
  67  14:57  Thor x4  
  67  14:58  Hellbat x4  
  97  15:19  Hellbat x4  
  105  15:30  Missile Turret  
  105  15:34  Refinery  
  141  15:49  Missile Turret  
Show
View Real Time Build Order
Export as new Build Order

Konstantin Protoss - Winner!

Build Orders: Phoenix Opening, Carriers 

Get SALT Encoding   

  12  0:16  Probe  
  13  0:23  Pylon  
  13  0:28  Probe (Chrono Boost)  
  14  0:40  Probe (Chrono Boost)  
  15  0:45  Gateway  
  15  1:03  Probe  
  16  1:07  Assimilator  
  16  1:15  Probe (Chrono Boost)  
  17  1:28  Probe (Chrono Boost)  
  18  1:36  Probe (Chrono Boost)  
  19  1:42  Cybernetics Core  
  19  1:44  Pylon  
  19  1:49  Probe  
  19  1:53  Assimilator  
  20  1:56  Nexus  
  20  2:01  Probe  
  21  2:03  Pylon  
  21  2:13  Probe  
  22  2:17  Stalker (Chrono Boost)  
  21  2:22  Warp Gate  
  24  2:25  Probe  
  25  2:37  Probe  
  26  2:44  Stalker  
  26  2:49  Probe  
  29  2:51  Pylon  
  29  3:00  Pylon  
  29  3:07  Stargate  
  29  3:09  Probe (Chrono Boost)  
  31  3:13  Stalker (Chrono Boost)  
  31  3:14  Probe (Chrono Boost)  
  33  3:22  Probe x2 (Chrono Boost)  
  35  3:31  Forge, Probe  
  35  3:33  Probe  
  37  3:41  Gateway  
  37  3:48  Probe x2  
  38  3:51  Phoenix  
  41  4:01  Probe x2  
  43  4:13  Shield Battery, Probe x2  
  43  4:14  Photon Cannon  
  45  4:20  Photon Cannon  
  45  4:21  Phoenix (Chrono Boost)  
  47  4:25  Probe x2  
  49  4:37  Probe  
  49  4:38  Probe  
  51  4:40  Robotics Facility  
  51  4:41  Phoenix  
  53  4:49  Assimilator  
  53  4:50  Probe x2 (Chrono Boost)  
  55  4:55  Photon Cannon  
  55  4:57  Shield Battery  
  55  5:02  Probe (Chrono Boost)  
  55  5:06  Phoenix  
  59  5:08  Probe (Chrono Boost)  
  59  5:12  Probe (Chrono Boost)  
  61  5:14  Twilight Council, Probe (Chrono Boost)  
  61  5:19  Assimilator  
  61  5:22  Probe, Pylon  
  61  5:26  Probe  
  63  5:34  Probe  
  64  5:45  Phoenix  
  64  5:47  Charge (Chrono Boost)  
  66  6:05  Nexus  
  66  6:08  Pylon  
  66  6:10  Pylon  
  66  6:11  Pylon  
  66  6:12  Probe x2, Immortal (Chrono Boost)  
  66  6:14  Pylon  
  66  6:16  Phoenix  
  74  6:22  Zealot  
  74  6:23  Zealot  
  78  6:26  Probe  
  78  6:28  Stargate  
  72  6:43  Observer (Chrono Boost)  
  66  7:02  Probe (Chrono Boost)  
  66  7:05  Probe (Chrono Boost)  
  66  7:14  Probe (Chrono Boost)  
  68  7:19  Probe (Chrono Boost)  
  68  7:20  Probe (Chrono Boost), Photon Cannon  
  69  7:25  Fleet Beacon, Zealot x2  
  69  7:26  Probe  
  69  7:29  Probe x2  
  76  7:33  Photon Cannon  
  76  7:38  Probe  
  76  7:39  Protoss Ground Weapons Level 1 (Chrono Boost)  
  76  7:41  Probe x2  
  79  7:52  Probe  
  79  7:53  Probe  
  81  8:02  Assimilator  
  81  8:07  Assimilator  
  79  8:22  Zealot x2  
  79  8:23  Probe x2 (Chrono Boost)  
  79  8:24  Probe (Chrono Boost)  
  79  8:26  Photon Cannon  
  86  8:27  Photon Cannon  
  86  8:28  Shield Battery  
  86  8:30  Photon Cannon  
  86  8:31  Photon Cannon  
  86  8:32  Photon Cannon  
  86  8:35  Probe x2 (Chrono Boost)  
  86  8:36  Shield Battery  
  86  8:37  Carrier (Chrono Boost)  
  86  8:41  Probe (Chrono Boost)  
  95  8:44  Probe x2 (Chrono Boost)  
  95  8:47  Probe  
  98  8:50  Carrier (Chrono Boost)  
  104  9:02  Robotics Bay  
  104  9:04  Probe x3  
  104  9:08  Pylon  
  107  9:16  Probe  
  106  9:32  Zealot x2  
  106  9:34  Nexus  
  106  9:35  Gateway  
  106  9:38  Immortal (Chrono Boost)  
  110  9:42  Protoss Ground Weapons Level 2 (Chrono Boost)  
  110  9:45  Protoss Air Weapons Level 1 (Chrono Boost)  
  114  9:51  Carrier  
  114  9:59  Carrier  
  126  10:05  Probe x3  
  129  10:13  Gateway  
  129  10:16  Gateway  
  129  10:17  Probe, Pylon  
  130  10:39  Probe (Chrono Boost)  
  130  10:40  Probe x2 (Chrono Boost)  
  133  10:43  Shield Battery  
  133  10:44  Photon Cannon  
  133  10:46  Shield Battery, Probe (Chrono Boost), Photon Cannon  
  133  10:47  Shield Battery, Photon Cannon  
  134  10:50  Shield Battery  
  134  10:53  Immortal  
  134  10:56  Probe x3 (Chrono Boost)  
  141  10:59  Carrier (Chrono Boost)  
  153  11:13  Carrier (Chrono Boost)  
  153  11:19  Sentry  
  153  11:23  Pylon  
  153  11:25  Pylon  
  155  11:26  Pylon  
  155  11:28  Probe  
  155  11:30  Probe x2, Pylon  
  155  11:31  Pylon  
  150  11:34  Extended Thermal Lance (Chrono Boost), Colossus (Chrono Boost)  
  148  11:49  Shield Battery, Photon Cannon  
  148  11:50  Shield Battery  
  148  11:52  Shield Battery  
  148  11:54  Photon Cannon  
  148  11:55  Probe  
  148  11:56  Probe x3  
  152  12:06  Protoss Ground Armor Level 1 (Chrono Boost), Protoss Air Weapons Level 2 (Chrono Boost)  
  152  12:08  Sentry x2  
  156  12:11  Carrier (Chrono Boost)  
  162  12:20  Colossus  
  162  12:21  Carrier (Chrono Boost)  
  174  12:26  Assimilator  
  174  12:30  Assimilator  
  174  12:52  Nexus  
  174  12:54  Pylon  
  174  12:56  Pylon  
  168  13:13  Carrier (Chrono Boost)  
  172  13:25  Carrier (Chrono Boost), Colossus  
  184  13:41  Photon Cannon  
  184  13:42  Photon Cannon  
  184  13:45  Photon Cannon  
  184  13:47  Photon Cannon  
  184  13:48  Photon Cannon  
  184  13:51  Photon Cannon  
  184  13:52  Shield Battery x2  
  184  13:55  Shield Battery  
  184  13:58  Shield Battery  
  184  14:03  Photon Cannon  
  184  14:06  Zealot x5  
  194  14:13  Carrier (Chrono Boost)  
  194  14:43  Carrier (Chrono Boost)  
Tags
 
Add a new tag
Caveats
  • Supply blocks, unpowered buildings, or Contaminate may cause inaccurate times.
  • Supply counts are checked every 10 seconds.